 Dungeon Crawl Stone Soup version 0.26.1-11-gd32895ea62 (webtiles) character file.

Game seed: 7589372923904042755

25182 Destapler the Blocker (level 12, -11/1 (118) HPs)
             Began as a Minotaur Fighter on July 2, 2021.
             Was the Champion of Cheibriados.
             Engulfed by a cloud of freezing vapour (12 damage)
             ... in an ice cave.
             The game lasted 00:49:03 (9938 turns).

Destapler the Blocker (Minotaur Fighter)            Turns: 9938, Time: 00:49:03

HP:   -11/1 (118)   AC: 15    Str: 40    XL:     12   Next: 87%
MP:   17/17         EV: 12    Int: 20    God:    Cheibriados [******]
Gold: 936           SH: 23    Dex: 32    Spells: 11/11 levels left

rFire    . . .     SeeInvis .   a - +3 flail (protect)
rCold    + . .     Faith    .   m - +0 tower shield
rNeg     + . .     Spirit   .   T - +4 ring mail "Ixedeqid" {rPois rN+ Dex+6}
rPois    +         Reflect  .   (helmet restricted)
rElec    .         Harm     .   b - +1 cloak
rCorr    .         Rampage  .   (no gloves)
Will     .....                  f - +0 pair of boots
Stlth    +++.......             V - amulet of regeneration
HPRegen  0.40/turn              u - ring of flight
MPRegen  0.15/turn              r - ring of protection from cold

@: extremely drained, very slow
A: retaliatory headbutt, claws 1, horns 2, deterioration 1, robust 1, screaming
1, inhibited regeneration
a: Renounce Religion, Evoke Flight, Bend Time, Temporal Distortion, Slouch, Step
From Time


You were in an ice cave.
You worshipped Cheibriados.
Cheibriados was exalted by your worship.
You visited 1 branch of the dungeon, and saw 12 of its levels.
You also visited: Ice Cave.

You collected 936 gold pieces.

Inventory:

Hand Weapons
 a - a +3 flail of protection (weapon)
 W - a +2 vorpal trident
 Y - a +2 war axe of venom
Missiles
 B - 15 poisoned darts (quivered)
 C - 8 javelins
 P - 10 boomerangs
Armour
 b - a +1 cloak (worn)
 f - a +0 pair of boots (worn)
 m - a +0 tower shield (worn)
 M - the +0 cloak of Trial and Error {rElec}
   (You found it on level 7 of the Dungeon)

   It insulates you from electricity.
 R - the +16 plate armour "Niryxon" {+Fly rC- Dex+4}
   (You found it on level 8 of the Dungeon)

   It affects your dexterity (+4).
   It makes you vulnerable to cold.
   It lets you fly.
 T - the +4 ring mail "Ixedeqid" (worn) {rPois rN+ Dex+6}
   (You found it on level 9 of the Dungeon)

   It affects your dexterity (+6).
   It protects you from poison.
   It protects you from negative energy.
Jewellery
 c - an uncursed amulet of the acrobat
 g - an uncursed ring of fire
 h - an uncursed ring of protection from fire
 o - a +4 ring of protection
 r - a ring of protection from cold (right claw)
 u - a ring of flight (left claw)
 y - a +4 ring of slaying
 V - an amulet of regeneration (around neck)
Wands
 x - a wand of acid (18)
 H - a wand of iceblast (6)
 K - a wand of flame (17)
 Q - a wand of polymorph (9)
 X - a wand of enslavement (4)
 Z - a wand of disintegration (5)
Scrolls
 e - 2 scrolls of blinking {unknown}
 i - 3 scrolls of identify
 k - 2 scrolls of remove curse
 l - 3 scrolls of amnesia
 n - 4 scrolls of enchant weapon
 p - 2 scrolls of magic mapping
 q - 5 scrolls of teleportation
 s - 2 scrolls of noise {unknown}
 t - a scroll of random uselessness {unknown}
 E - 2 scrolls of fear {unknown}
 F - 4 scrolls of vulnerability {unknown}
 L - a scroll of fog {unknown}
 U - a scroll of immolation {unknown}
Potions
 d - 6 potions of might
 j - a potion of invisibility
 w - 2 potions of lignification
 z - 2 potions of magic {unknown}
 A - a potion of berserk rage {unknown}
 D - a potion of resistance {unknown}
 G - a potion of experience {unknown}
 I - 5 potions of curing
 J - a potion of ambrosia {unknown}
 N - a potion of brilliance {unknown}
 O - 3 potions of heal wounds
 S - 2 potions of cancellation {unknown}


   Skills:
 + Level 10.9 Fighting
 + Level 9.2 Maces & Flails
 - Level 6.0 Throwing
 + Level 11.0 Armour
 - Level 3.0 Dodging
 - Level 3.0 Stealth
 + Level 11.0 Shields
 * Level 8.5 Invocations
 + Level 7.8 Evocations


You had 11 spell levels left.
You didn't know any spells.
Your spell library contained the following spells:

 Spells                   Type           Power        Failure   Level
 Animate Skeleton         Necr           0%           82%         1
 Corona                   Hex            0%           82%         1
 Foxfire                  Conj/Fire      0%           82%         1
 Pain                     Necr           0%           82%         1
 Ensorcelled Hibernation  Hex/Ice        0%           91%         2
 Sublimation of Blood     Necr           0%           91%         2
 Confusing Touch          Hex            0%           99%         3
 Conjure Flame            Conj/Fire      0%           99%         3
 Dazzling Flash           Conj/Hex       0%           99%         3
 Gell's Gravitas          Tloc           0%           99%         3
 Inner Flame              Hex/Fire       0%           99%         3
 Tukima's Dance           Hex            0%           99%         3
 Vampiric Draining        Necr           0%           99%         3
 Animate Dead             Necr           0%           100%        4
 Petrify                  Tmut/Erth      0%           100%        4
 Sticky Flame             Conj/Fire      0%           100%        4
 Agony                    Necr           0%           100%        5
 Borgnjor's Vile Clutch   Necr/Erth      0%           100%        5
 Excruciating Wounds      Necr           0%           100%        5
 Fireball                 Conj/Fire      0%           100%        5
 Metabolic Englaciation   Hex/Ice        0%           100%        5
 Yara's Violent Unravell  Hex/Tmut       0%           100%        5


Dungeon Overview and Level Annotations

Branches:
Dungeon (12/15)            Temple (0/1) D:5            Lair (0/6) D:11
    Orc (0/2) D:12          IceCv (1/1)

Altars:
Cheibriados
Elyvilon
Hepliaklqana
Nemelex Xobeh
Qazlal
Ru
Trog
Uskayaw
Vehumet

Shops:
D:7 }   D:12 }


Innate Abilities, Weirdness & Mutations

You reflexively headbutt those who attack you in melee.
You have a pair of horns on your head.
You have sharp fingernails.
Your body sometimes deteriorates upon taking damage.
You are robust. (+10% HP)
You occasionally shout uncontrollably at your foes.
You do not regenerate when monsters are visible.


Message History

You feel drained.
You feel drained.
You feel drained.
You feel drained.
You feel drained.
You feel drained.
You feel drained.
You feel drained.
You feel drained.
You feel drained.
You feel drained.
You feel drained.
You feel drained.
You feel drained.
You float gracefully downwards.
You see here a polar bear corpse.
You see here a polar bear corpse.
You are engulfed in freezing vapours.
You resist.
Ouch! That really hurt!
You die...

.h..
##.##.##
..h.
.##..#
#.##.##
.##..##
####..#
##.#
#####.#
#§#☼#.#.#
#☼§@...#
#§#.⌠..#
# #...##
##.## ###


There were no monsters in sight!

Vanquished Creatures
  A boulder beetle (D:10)
  A centaur warrior (D:10)
  2 two-headed ogres
  2 unseen horrors
  The ghost of Almogavar the Thaumaturge, a novice DECj of Nemelex Xobeh (D:7)
  A deep elf mage (D:8)
  A gargoyle (D:11)
  An ice statue (IceCv)
  2 ice devils (D:12)
  A kobold demonologist (D:11)
  A troll (D:11)
  A meliai (D:11)
  16 polar bears (IceCv)
  Grinder (D:4)
  Prince Ribbit (D:7)
  A slime creature (D:6)
  A meliai zombie (D:10)
  2 wyverns
  39 yaks
  A wraith (D:12)
  Eustachio (D:5)
  A steam dragon (D:11)
  Edmund (D:5)
  A water moccasin (D:6)
  6 black bears
  5 orc warriors
  4 ice beasts
  An eye of draining (D:9)
  3 sky beasts
  A necrophage (D:5)
  18 wolves
  12 centaurs
  7 ogres
  2 big kobolds
  5 bullfrogs
  A gnoll sergeant (D:10)
  A water moccasin zombie (D:8)
  4 scorpions
  2 wyvern skeletons
  5 killer bees (D:12)
  9 wights
  An electric eel (D:11)
  6 howler monkeys
  A centaur zombie (D:5)
  2 bullfrog zombies
  7 hounds
  11 orc priests
  11 jellies
  10 orc wizards
  4 bullfrog skeletons
  A centaur skeleton (D:8)
  4 iguanas
  5 worker ants
  A hound zombie (D:11)
  A hound skeleton (D:9)
  A howler monkey zombie (D:11)
  A worker ant zombie (D:5)
  12 gnolls
  14 adders
  2 shadow imps (D:8)
  6 white imps
  4 ufetubi
  12 oozes (D:6)
  An adder skeleton (D:8)
  An adder zombie (D:7)
  A worm (D:3)
  45 orcs
  6 ball pythons
  5 giant cockroaches
  3 goblins
  6 hobgoblins
  15 jackals
  17 kobolds
  4 quokkas
  2 bats
  3 frilled lizards
  A jackal skeleton (D:7)
  A quokka simulacrum (D:7)
  A quokka skeleton (D:7)
  5 rats
401 creatures vanquished.

Vanquished Creatures (others)
  2 yaks (D:10)
  A wolf (IceCv)
  6 fungi (D:6)
  2 plants (D:11)
11 creatures vanquished.

Grand Total: 412 creatures vanquished

Notes
Turn   | Place    | Note
-------+----------+-------------------------------------------
     0 | D:1      | Destapler the Minotaur Fighter began the quest for the Orb.
     0 | D:1      | Reached XP level 1. HP: 19/19 MP: 0/0
   176 | D:1      | Reached XP level 2. HP: 27/27 MP: 1/1
   287 | D:1      | Found a snail-covered altar of Cheibriados.
   354 | D:1      | Became a worshipper of Cheibriados the Contemplative
   888 | D:2      | Reached XP level 3. HP: 30/33 MP: 2/2
   928 | D:2      | Found a radiant altar of Vehumet.
  1006 | D:2      | Found a sacrificial altar of Ru.
  1471 | D:2      | Reached * piety under Cheibriados
  1826 | D:3      | Reached XP level 4. HP: 40/41 MP: 3/3
  2260 | D:4      | Reached ** piety under Cheibriados
  2360 | D:4      | Noticed Grinder
  2366 | D:4      | Killed Grinder
  2367 | D:4      | Reached skill level 5 in Fighting
  2367 | D:4      | Reached skill level 5 in Armour
  2367 | D:4      | Reached skill level 5 in Shields
  2367 | D:4      | Reached skill level 1 in Invocations
  2367 | D:4      | Reached skill level 1 in Evocations
  2367 | D:4      | Reached XP level 5. HP: 30/48 MP: 3/5
  2367 | D:4      | Reached XP level 6. HP: 35/56 MP: 3/6
  2688 | D:5      | Entered Level 5 of the Dungeon
  2689 | D:5      | Found a sparkling altar of Nemelex Xobeh.
  2903 | D:5      | Reached XP level 7. HP: 61/61 MP: 7/7
  2980 | D:5      | Noticed Eustachio
  2990 | D:5      | Killed Eustachio
  3120 | D:5      | Noticed Edmund
  3147 | D:5      | Killed Edmund
  3315 | D:5      | Reached XP level 8. HP: 71/71 MP: 9/9
  3397 | D:5      | Found a staircase to the Ecumenical Temple.
  3493 | D:6      | Found a white marble altar of Elyvilon.
  3656 | D:6      | Reached *** piety under Cheibriados
  4078 | D:6      | Found a hazy altar of Hepliaklqana.
  4266 | D:6      | Reached XP level 9. HP: 79/79 MP: 11/11
  4567 | D:6      | Reached **** piety under Cheibriados
  4573 | D:6      | Reached skill level 5 in Invocations
  4993 | D:7      | Noticed Prince Ribbit
  5016 | D:7      | Found a runed translucent gate.
  5016 | D:7      | Found a runed translucent gate.
  5016 | D:7      | Found a runed translucent gate.
  5073 | D:7      | Noticed Almogavar's ghost (novice DECj)
  5133 | D:7      | Killed Prince Ribbit
  5134 | D:7      | Reached skill level 5 in Maces & Flails
  5324 | D:7      | Found Leosoq's Gadget Shop.
  5670 | D:7      | Gained mutation: You do not regenerate when monsters are
                  | visible. [potion of mutation]
  5670 | D:7      | Gained mutation: You are clumsy. (Dex -2) [potion of
                  | mutation]
  5670 | D:7      | Gained mutation: You are dopey. (Int -2) [potion of
                  | mutation]
  5670 | D:7      | Lost mutation: You are dopey. (Int -2) [potion of mutation]
  5671 | D:7      | Lost mutation: You are clumsy. (Dex -2) [potion of
                  | mutation]
  5671 | D:7      | Gained mutation: You occasionally shout uncontrollably at
                  | your foes. [potion of mutation]
  5671 | D:7      | Gained mutation: Your mind is acute. (Int +2) [potion of
                  | mutation]
  5680 | D:7      | Killed Almogavar's ghost
  5681 | D:7      | Reached skill level 1 in Throwing
  5681 | D:7      | Reached skill level 1 in Dodging
  5681 | D:7      | Reached skill level 5 in Evocations
  5683 | D:7      | Reached skill level 1 in Stealth
  5711 | D:7      | Got a pitted cloak
  5717 | D:7      | Identified the +0 cloak of Trial and Error {rElec} (You
                  | found it on level 7 of the Dungeon)
  5893 | D:8      | Found a runed translucent door.
  5898 | D:8      | Reached XP level 10. HP: 82/88 MP: 13/13
  6090 | D:8      | Found a runed translucent door.
  6383 | D:8      | Got an ancient plate armour
  6394 | D:8      | Identified the +16 plate armour "Niryxon" {+Fly rC- Dex+4}
                  | (You found it on level 8 of the Dungeon)
  6586 | D:8      | Noticed a deep elf mage
  6591 | D:8      | Killed a deep elf mage
  6610 | D:8      | Reached ***** piety under Cheibriados
  6820 | D:9      | Got an encrusted ring mail
  7018 | D:9      | Identified the +4 ring mail "Ixedeqid" {rPois rN+ Dex+6}
                  | (You found it on level 9 of the Dungeon)
  7094 | D:9      | Lost mutation: Your mind is acute. (Int +2) [potion of
                  | mutation]
  7094 | D:9      | Lost mutation: You occasionally shout uncontrollably at
                  | your foes. [potion of mutation]
  7094 | D:9      | Gained mutation: Your body sometimes deteriorates upon
                  | taking damage. [potion of mutation]
  7094 | D:9      | Gained mutation: You have sharp fingernails. [potion of
                  | mutation]
  7094 | D:9      | Gained mutation: You occasionally shout uncontrollably at
                  | your foes. [potion of mutation]
  7094 | D:9      | Gained mutation: You are robust. (+10% HP) [potion of
                  | mutation]
  7144 | D:9      | Noticed a two-headed ogre
  7147 | D:9      | Killed a two-headed ogre
  7326 | D:9      | Found a bloodstained altar of Trog.
  7603 | D:10     | Entered Level 10 of the Dungeon
  7675 | D:10     | Noticed a centaur warrior
  7683 | D:10     | Reached XP level 11. HP: 96/106 MP: 9/14
  7688 | D:10     | Killed a centaur warrior
  7849 | D:10     | Found a stormy altar of Qazlal.
  7950 | D:10     | Noticed a boulder beetle
  7955 | D:10     | Killed a boulder beetle
  8181 | D:10     | Killed an unseen horror
  8356 | D:11     | Reached ****** piety under Cheibriados
  8433 | D:11     | Found the +8 trident of the Octopus King {venom, rElec
                  | rPois Will+}
  8631 | D:11     | Reached skill level 10 in Armour
  8631 | D:11     | Reached skill level 10 in Shields
  8718 | D:11     | Identified the Guide on Black Magic
  8733 | D:11     | Found a hide-covered altar of Uskayaw.
  8856 | D:11     | Reached skill level 10 in Fighting
  8901 | D:11     | Reached XP level 12. HP: 104/116 MP: 16/16
  8920 | D:11     | Found a staircase to the Lair.
  8931 | D:11     | Noticed a two-headed ogre
  8939 | D:11     | Killed a two-headed ogre
  9092 | D:11     | Reached skill level 5 in Throwing
  9157 | D:12     | Found Rugutief's Gadget Emporium.
  9237 | D:12     | Found a frozen archway.
  9270 | IceCv    | Entered an ice cave
  9856 | IceCv    | Noticed a frost giant
  9938 | IceCv    | Engulfed by a cloud of freezing vapour

Illustrated notes

Levels and vault maps discovered:
D:1:      amcnicky_arrival_feature_with_door, layout_basic, cheibriados_altar_1
D:2:      layout_loops_ring, lemuel_round_altar, lemuel_crystal_altar,
          minmay_misc_feat_diagonals
D:3:      layout_rooms
D:4:      layout_rooms, uniq_grinder
D:5:      layout_basic, nemelex_xobeh_ov_fountains_minmay,
          minmay_temple_entry_purple_smoke, kennysheep_nub, lemuel_old_faithful,
          uniq_edmund, uniq_eustachio
D:6:      lemuel_slime, layout_layer_cave, elyvilon_altar_4,
          nzn_hepliaklqana_mist_gate
D:7:      layout_cave_pools, serial_glass, glass_columns_a, glass_columns_a,
          glass_columns_a, glass_columns_a, glass_columns_b, glass_columns_a,
          glass_columns_a, glass_columns_a, glass_columns_a, glass_columns_a,
          gammafunk_ghost_icy, serial_shops, kennysheep_little_box,
          kennysheep_donut, chequers_serial_rivers_large_b,
          chequers_serial_rivers_micro_d, uniq_prince_ribbit1
D:8:      cheibrodos_histonic, layout_rooms, kennysheep_generic_room_3
D:9:      layout_roguey, trog_ov_bears_minmay
D:10:     layout_irregular_city, basic_altar, kennysheep_generic_room_15
D:11:     minmay_weird_star, layout_irregular_city, erik_lair_island,
          minmay_ruined_shrine
D:12:     layout_rooms, orc_0_dummy, serial_shops, shop,
          portal_ice_cave_demonic_guard, chequers_guarded_unrand_ignorance
IceCv:    ice_cave_caverns_02

Skill      XL: |  1  2  3  4  5  6  7  8  9 10 11 12 |
---------------+-------------------------------------+-----
Armour         | 4 5 6 7 8 9 10 11 | 11.0
Shields        | 4 5 6 7 8 9 10 11 | 11.0
Fighting       | 4 5 6 7 8 9 10 | 10.9
Invocations    | 1 2 3 4 5 6 7 8 |  8.5
Evocations     | 1 2 3 4 5 6 7 |  7.8
Maces & Flails | 4 5 6 8 9 |  9.2
Throwing       | 1 3 4 6 |  6.0
Dodging        | 1 3 |  3.0
Stealth        | 1 2 3 |  3.0

Action                   |  1- 3 |  4- 6 |  7- 9 | 10-12 || total
-------------------------+-------+-------+-------+-------++-------
Melee: Flail             |   105 |     9 |   141 |   491 ||   746
       Headbutt          |    21 |     7 |    50 |   186 ||   264
       Dagger            |       |    34 |    37 |       ||    71
       War axe           |       |       |       |     4 ||     4
Throw: Dart              |       |       |     7 |     4 ||    11
Invok: Slouch            |       |       |     2 |     4 ||     6
       Temporal Distorti |       |       |     1 |       ||     1
 Abil: Evoke Flight      |       |       |       |     1 ||     1
Evoke: Wand              |       |     1 |       |     5 ||     6
  Use: Scroll            |       |       |     7 |     9 ||    16
       Potion            |       |       |     2 |     4 ||     6
 Stab: Invisible         |       |       |       |     6 ||     6
       Distracted        |       |       |       |     1 ||     1
       Sleeping          |       |       |       |     5 ||     5
Armor: Scale mail        |    37 |    17 |    59 |    14 ||   127
       Plate armour      |       |       |       |    22 ||    22
       Ring mail         |       |       |       |   146 ||   146
Dodge: Dodged            |    32 |    10 |    37 |   137 ||   216
Block: Kite shield       |    42 |       |       |       ||    42
       Tower shield      |    27 |    42 |   196 |   609 ||   874
